Map: Avalon Labs

Players

TimeTwist - Winner!

  • Race: Zerg Zerg
  • Spawn Location: 6:00

Myran

  • Race: Protoss Protoss
  • Spawn Location: 12:00

dallaskuken - Winner!

  • Race: Protoss Protoss
  • League: Platinum
  • Spawn Location: 5:00

FrogMint

  • Race: Zerg Zerg
  • Spawn Location: 11:00

Loken - Winner!

  • Race: Zerg Zerg
  • League: Platinum
  • Spawn Location: 6:00

Scaramanga

  • Race: Terran Terran
  • Spawn Location: 12:00

VOD

Have the link to the VOD?

Description

Time

  • Played on: March 16, 2017, 7:29 p.m.
  • Length: 16:34
Show
View Real Time Build Order
Export as new Build Order

TimeTwist Zerg - Winner!

Build Orders: Pool First, Swarm Host 

Get SALT Encoding   

  12  0:01  Drone  
  13  0:12  Overlord  
  13  0:17  Drone  
  14  0:30  Drone x2  
  16  0:37  Drone  
  16  0:41  Extractor  
  16  0:50  Spawning Pool  
  16  0:51  Drone  
  16  0:56  Drone  
  17  1:07  Drone  
  18  1:20  Drone  
  19  1:32  Overlord  
  19  1:36  Queen  
  21  1:43  Metabolic Boost  
  21  1:53  Hatchery  
  20  2:08  Zergling x2  
  20  2:09  Zergling x4  
  20  2:11  Queen  
  25  2:24  Drone  
  26  2:37  Drone  
  27  2:54  Drone x2  
  27  2:55  Drone, Overlord  
  30  3:18  Drone  
  30  3:19  Drone  
  31  3:26  Roach Warren  
  31  3:27  Drone x5  
  36  3:41  Drone x2  
  37  3:54  Lair  
  37  3:55  Extractor  
  37  3:56  Drone x6  
  37  3:57  Drone, Overlord x2  
  43  4:20  Roach  
  43  4:21  Roach x3  
  51  4:33  Spine Crawler  
  50  4:49  Roach x3  
  50  4:50  Roach x2  
  50  4:52  Glial Reconstitution, Overlord  
  59  5:08  Overlord x2  
  59  5:10  Queen  
  61  5:18  Ravager  
  61  5:19  Ravager  
  63  5:24  Roach x2  
  63  5:25  Overlord x2  
  67  5:30  Extractor  
  67  5:34  Drone  
  67  5:35  Drone x3, Extractor  
  69  5:39  Hatchery  
  69  5:42  Drone x2  
  70  5:43  Drone  
  70  5:46  Burrow  
  71  6:05  Drone x6  
  71  6:06  Drone x5  
  82  6:11  Tunneling Claws  
  82  6:23  Roach x2  
  74  6:43  Roach x5  
  74  6:44  Roach  
  86  6:47  Hatchery  
  86  6:51  Overseer  
  85  6:57  Queen  
  85  6:58  Drone x2  
  89  7:03  Drone  
  90  7:19  Roach x4  
  90  7:20  Roach x4  
  105  7:41  Extractor  
  105  7:42  Extractor  
  103  7:45  Spine Crawler  
  102  7:54  Drone x2  
  102  7:55  Drone  
  105  8:03  Roach x3  
  105  8:04  Hatchery, Overlord x2  
  105  8:05  Overlord x2  
  110  8:10  Evolution Chamber x2  
  108  8:30  Hydralisk Den  
  107  8:44  Drone x4  
  111  9:03  Overseer x2  
  111  9:08  Zerg Ground Armor Level 1  
  111  9:09  Zerg Missile Weapons Level 1  
  111  9:10  Muscular Augments  
  111  9:11  Hydralisk x5  
  111  9:12  Hydralisk x7  
  111  9:13  Hydralisk x4  
  111  9:16  Overlord x4  
  143  9:22  Drone  
  144  9:36  Spine Crawler  
  143  9:55  Drone x4  
  143  9:56  Drone x2  
  149  10:00  Queen, Drone  
  149  10:01  Drone x2  
  154  10:32  Drone x6  
  160  10:38  Infestation Pit  
  159  10:52  Overlord x2  
  159  10:53  Overlord x2  
  159  11:02  Hatchery  
  158  11:05  Lurker Den  
  158  11:07  Hatchery  
  157  11:17  Swarm Host  
  157  11:18  Swarm Host  
  184  11:23  Overlord x2  
  144  12:01  Swarm Host x3  
  144  12:02  Swarm Host x6  
  144  12:03  Swarm Host x7  
  144  12:04  Swarm Host x2  
  131  13:16  Zergling x10  
  131  13:17  Zergling x6  
  133  13:50  Hatchery  
  133  13:54  Drone  
  133  13:55  Drone x2  
  135  13:58  Zerg Ground Armor Level 2  
  135  13:59  Zerg Missile Weapons Level 2  
  135  14:01  Pathogen Glands  
  128  14:33  Hatchery  
  128  14:38  Roach x2  
  128  14:39  Roach x7, Hydralisk x2  
  128  14:40  Hatchery, Roach x3  
  147  14:59  Queen  
  149  15:10  Queen  
  151  15:32  Drone x3  
  154  15:36  Queen  
  156  15:44  Queen  
Show
View Real Time Build Order
Export as new Build Order

Myran Protoss 

Build Orders: 1 Gate Expand 

Get SALT Encoding   

  12  0:03  Probe (Chrono Boost)  
  13  0:13  Probe (Chrono Boost)  
  14  0:21  Pylon  
  14  0:24  Probe (Chrono Boost)  
  15  0:40  Probe (Chrono Boost)  
  16  0:45  Gateway  
  16  0:50  Probe (Chrono Boost)  
  16  0:54  Assimilator  
  17  1:00  Pylon  
  17  1:01  Probe (Chrono Boost)  
  18  1:28  Nexus  
  18  1:29  Probe (Chrono Boost)  
  19  1:38  Zealot  
  19  1:39  Probe (Chrono Boost)  
  22  1:51  Forge  
  22  1:54  Probe (Chrono Boost)  
  23  2:05  Pylon  
  24  2:08  Probe (Chrono Boost)  
  24  2:10  Assimilator  
  24  2:17  Zealot  
  24  2:19  Probe (Chrono Boost)  
  27  2:28  Cybernetics Core  
  28  2:30  Probe (Chrono Boost)  
  28  2:41  Probe (Chrono Boost)  
  29  2:52  Probe (Chrono Boost)  
  29  2:57  Gateway  
  30  3:02  Probe x2 (Chrono Boost)  
  32  3:13  Probe x2 (Chrono Boost)  
  32  3:19  Stalker  
  36  3:21  Warp Gate  
  36  3:24  Probe (Chrono Boost)  
  37  3:31  Twilight Council  
  37  3:32  Probe (Chrono Boost)  
  39  3:34  Probe (Chrono Boost)  
  39  3:39  Assimilator  
  39  3:44  Assimilator  
  39  3:46  Probe (Chrono Boost)  
  39  3:48  Pylon, Probe (Chrono Boost)  
  41  3:56  Stalker  
  43  4:23  Zealot  
  45  4:27  Zealot  
  45  4:29  Probe (Chrono Boost)  
  48  4:32  Probe (Chrono Boost)  
  49  4:42  Probe (Chrono Boost)  
  49  4:45  Probe (Chrono Boost)  
  51  4:51  Templar Archives  
  51  4:55  Probe (Chrono Boost)  
  51  4:57  Protoss Shields Level 1  
  52  5:06  Gateway, Probe (Chrono Boost)  
  53  5:10  Gateway  
  53  5:11  Probe (Chrono Boost)  
  54  5:16  Probe (Chrono Boost)  
  55  5:22  Probe (Chrono Boost)  
  56  5:32  Probe (Chrono Boost)  
  57  5:36  Stalker  
  57  5:37  Stalker  
  57  5:40  Pylon  
  61  5:51  Probe (Chrono Boost)  
  57  6:31  Nexus  
  57  6:41  Pylon  
  57  6:42  Pylon  
  57  6:43  Pylon  
  57  6:44  Psionic Storm  
  57  6:56  Pylon  
  57  7:00  Probe (Chrono Boost)  
  58  7:02  High Templar  
  58  7:03  High Templar x3  
  66  7:39  Stalker x4  
  74  7:46  Nexus  
  60  8:24  High Templar x2  
  60  8:25  Stalker  
  60  8:26  Stalker  
  68  8:31  Protoss Ground Armor Level 1  
  67  8:36  Gateway  
  63  9:03  Stalker x2  
  63  9:04  Stalker  
  63  9:05  Stalker  
  68  9:30  Probe (Chrono Boost)  
  67  9:37  High Templar  
  67  9:38  High Templar x3  
  73  9:41  Probe (Chrono Boost)  
  73  9:42  Probe (Chrono Boost)  
  73  9:45  Assimilator  
  77  9:49  Assimilator  
  77  9:51  Probe (Chrono Boost)  
  79  9:54  Probe (Chrono Boost)  
  79  9:58  Gateway x2  
  77  10:05  Stalker, Pylon  
  77  10:06  Pylon  
  78  10:09  Pylon  
  78  10:19  Pylon  
  78  10:22  Pylon  
  74  11:16  Stalker x3  
  74  11:17  Stalker x2  
  58  12:06  High Templar x2  
  58  12:07  High Templar x2  
  56  12:09  Stalker  
  58  12:42  Stargate  
  58  12:43  Stargate  
  58  12:45  Stargate  
  58  12:55  Stalker  
  58  12:56  Stalker x3  
  58  12:57  Stalker  
  58  12:58  Stalker x2  
  50  14:06  Stalker  
  50  14:07  Stalker x4  
  50  14:09  Stalker x2  
  57  14:32  Phoenix x3  
  57  14:37  Fleet Beacon  
  63  14:39  Probe (Chrono Boost)  
  64  14:50  Stalker x2, Probe (Chrono Boost)  
  64  14:51  Stalker x3  
  75  14:53  High Templar x2  
  75  14:57  Phoenix x3  
  85  15:00  Probe (Chrono Boost)  
  86  15:10  Twilight Council  
  86  15:13  Probe (Chrono Boost)  
  87  15:22  Phoenix x2  
  91  15:32  Phoenix  
  93  15:53  Phoenix x2  
  97  15:57  Phoenix  
Show
View Real Time Build Order
Export as new Build Order

dallaskuken Protoss - Winner!

Build Orders:  

Get SALT Encoding   

  12  0:01  Probe (Chrono Boost)  
  13  0:16  Pylon  
  13  0:22  Probe (Chrono Boost)  
  14  0:32  Probe (Chrono Boost)  
  15  0:43  Probe (Chrono Boost)  
  16  0:53  Probe (Chrono Boost)  
  17  1:00  Gateway  
  18  1:04  Probe (Chrono Boost)  
  18  1:15  Probe (Chrono Boost)  
  19  1:25  Probe (Chrono Boost)  
  20  1:36  Probe (Chrono Boost)  
  20  1:38  Nexus  
  20  1:39  Pylon  
  21  1:43  Assimilator  
  21  1:46  Probe (Chrono Boost)  
  22  1:52  Cybernetics Core  
  22  1:57  Probe (Chrono Boost)  
  23  2:01  Pylon  
  23  2:07  Probe (Chrono Boost)  
  24  2:18  Probe (Chrono Boost)  
  25  2:28  Stalker, Probe (Chrono Boost)  
  28  2:34  Assimilator  
  28  2:39  Probe (Chrono Boost)  
  29  2:49  Probe (Chrono Boost)  
  30  2:56  Probe (Chrono Boost)  
  31  3:00  Probe (Chrono Boost)  
  32  3:06  Probe (Chrono Boost)  
  32  3:10  Probe (Chrono Boost)  
  34  3:16  Stargate  
  34  3:17  Probe (Chrono Boost)  
  35  3:21  Probe (Chrono Boost)  
  35  3:26  Warp Gate  
  36  3:27  Probe (Chrono Boost)  
  36  3:32  Probe (Chrono Boost)  
  38  3:38  Probe (Chrono Boost)  
  39  3:42  Probe (Chrono Boost)  
  39  3:47  Assimilator  
  41  3:48  Probe (Chrono Boost)  
  41  3:51  Assimilator  
  41  3:53  Probe (Chrono Boost)  
  41  3:55  Pylon  
  42  3:56  Pylon  
  42  3:57  Pylon, Void Ray  
  42  3:59  Probe (Chrono Boost)  
  47  4:03  Probe (Chrono Boost)  
  47  4:09  Probe (Chrono Boost)  
  49  4:14  Probe (Chrono Boost)  
  50  4:20  Probe (Chrono Boost)  
  51  4:25  Stalker  
  51  4:26  Probe (Chrono Boost)  
  51  4:30  Probe (Chrono Boost)  
  55  4:39  Void Ray, Fleet Beacon  
  55  4:41  Pylon, Probe (Chrono Boost)  
  60  4:51  Probe (Chrono Boost)  
  61  5:02  Probe (Chrono Boost)  
  62  5:07  Stargate  
  62  5:15  Stargate  
  62  5:21  Carrier  
  68  5:51  Carrier  
  68  5:53  Nexus  
  74  6:15  Carrier  
  80  6:28  Protoss Air Weapons Level 1  
  80  6:32  Pylon  
  80  6:34  Pylon  
  80  6:35  Pylon  
  80  6:39  Graviton Catapult  
  80  6:46  Assimilator  
  80  6:50  Assimilator  
  80  7:06  Probe (Chrono Boost)  
  81  7:13  Carrier  
  81  7:16  Probe (Chrono Boost)  
  82  7:25  Carrier  
  82  7:27  Probe (Chrono Boost)  
  95  7:37  Probe (Chrono Boost)  
  96  7:46  Carrier  
  96  7:48  Probe (Chrono Boost)  
  103  7:57  Probe (Chrono Boost)  
  104  8:07  Probe (Chrono Boost)  
  105  8:18  Probe (Chrono Boost)  
  106  8:22  Protoss Air Armor Level 1  
  106  8:28  Probe (Chrono Boost)  
  107  8:39  Probe (Chrono Boost)  
  108  8:56  Carrier  
  96  9:07  Carrier  
  108  9:12  Carrier  
  104  10:11  Carrier  
  99  10:33  Carrier  
  105  10:37  Carrier  
  89  11:25  Carrier  
  95  11:59  Carrier  
  101  12:03  Carrier  
  107  13:28  Carrier  
  107  14:14  Carrier  
  107  14:20  Carrier  
  107  14:32  Pylon  
  107  14:34  Pylon  
  107  14:36  Pylon  
  107  14:53  Carrier  
  107  14:55  Nexus  
  113  15:26  Pylon  
  113  15:28  Pylon  
  113  15:31  Pylon x2  
Show
View Real Time Build Order
Export as new Build Order

FrogMint Zerg 

Build Orders: Hatch First 

Get SALT Encoding   

  12  0:01  Drone  
  13  0:14  Overlord  
  13  0:17  Drone  
  14  0:32  Drone  
  14  0:33  Drone  
  16  0:36  Drone  
  17  0:56  Hatchery  
  16  1:03  Drone x2  
  18  1:08  Extractor  
  17  1:19  Spawning Pool  
  17  1:20  Drone  
  17  1:23  Drone  
  18  1:32  Drone  
  19  1:43  Overlord  
  19  2:06  Queen  
  19  2:07  Drone x2  
  23  2:09  Queen  
  23  2:10  Drone  
  23  2:13  Metabolic Boost  
  26  2:25  Zergling x4  
  26  2:28  Zergling x2  
  29  2:37  Overlord  
  29  2:39  Drone  
  29  2:41  Queen  
  32  2:54  Drone x3  
  35  3:00  Drone  
  35  3:03  Zergling x2  
  37  3:16  Drone x2  
  37  3:17  Drone  
  37  3:18  Drone x2  
  42  3:22  Spore Crawler  
  41  3:30  Drone x2  
  41  3:31  Drone  
  41  3:32  Lair  
  41  3:33  Overlord x2  
  44  3:41  Extractor  
  43  3:45  Drone  
  44  4:09  Drone x5  
  49  4:10  Drone  
  49  4:14  Extractor  
  49  4:19  Drone  
  50  4:32  Spire  
  49  4:49  Infestation Pit  
  48  4:58  Overlord  
  48  4:59  Overlord x3  
  48  5:05  Overseer  
  48  5:06  Overseer  
  48  5:30  Drone  
  49  5:36  Hatchery  
  48  5:45  Corruptor x3  
  54  6:01  Zergling x22  
  54  6:02  Zergling x10  
  64  6:27  Hive  
  64  6:31  Zergling x2  
  64  6:32  Zergling x14  
  72  6:48  Corruptor x3  
  72  6:49  Corruptor  
  72  6:50  Overlord  
  80  7:02  Corruptor  
  80  7:07  Overlord x3  
  80  7:08  Overlord x3  
  82  7:25  Corruptor x2  
  87  7:43  Greater Spire  
  81  8:15  Mutalisk  
  81  8:17  Corruptor  
  81  8:18  Hatchery, Corruptor  
  78  8:34  Extractor  
  67  9:05  Corruptor x3  
  65  9:17  Zergling x2  
  65  9:18  Zergling x32  
  65  9:19  Zergling x2  
  81  9:50  Brood Lord  
  81  9:51  Brood Lord x2  
  87  9:58  Zergling x2, Overlord x2  
  87  9:59  Zergling x2, Overlord  
  91  10:00  Zergling x20  
  99  10:12  Spore Crawler  
  99  10:13  Spore Crawler  
  97  10:15  Spore Crawler  
  97  10:18  Spore Crawler  
  97  10:20  Corruptor, Spore Crawler  
  97  10:21  Corruptor  
  85  10:52  Queen  
  85  10:53  Drone x2  
  89  10:59  Corruptor  
  89  11:00  Corruptor x2  
  95  11:13  Zergling x2  
  95  11:14  Zergling x14  
  95  11:16  Queen x2  
  107  11:28  Spore Crawler  
  107  11:29  Spore Crawler  
  107  11:30  Spore Crawler  
  104  11:46  Corruptor x3  
  98  11:48  Zergling x12  
  98  11:52  Queen  
  72  12:13  Zergling x16  
  70  12:38  Corruptor  
  70  12:39  Corruptor x3  
  56  13:27  Zergling x20  
  55  13:28  Zergling x24  
  57  14:08  Zergling x6  
  57  14:09  Zergling x14  
  66  14:31  Zergling x2  
  66  14:32  Zergling x14  
  53  14:47  Zergling x2  
  53  14:48  Zergling x10  
  48  15:04  Extractor  
  47  15:18  Zergling x16  
  47  15:19  Zergling x8  
Show
View Real Time Build Order
Export as new Build Order

Loken Zerg - Winner!

Build Orders: Hatch First, Zergling Baneling 

Get SALT Encoding   

  12  0:01  Drone  
  13  0:10  Drone  
  14  0:17  Overlord  
  14  0:37  Drone x3  
  17  1:02  Hatchery  
  16  1:11  Spawning Pool, Drone  
  16  1:15  Drone  
  17  1:20  Drone  
  18  1:29  Drone  
  19  1:33  Extractor  
  19  1:35  Drone  
  19  1:42  Extractor  
  19  1:44  Drone  
  19  1:56  Drone  
  20  2:08  Drone  
  21  2:16  Drone  
  21  2:21  Queen  
  24  2:29  Zergling x4  
  24  2:43  Queen  
  26  2:46  Zergling x4  
  28  2:56  Metabolic Boost  
  28  2:57  Baneling Nest  
  27  3:01  Drone  
  27  3:02  Overlord  
  28  3:24  Drone x4  
  28  3:25  Drone  
  33  3:32  Zergling x2  
  33  3:33  Zergling x4  
  36  3:42  Lair  
  36  3:50  Overlord x3  
  36  4:09  Drone  
  37  4:10  Drone x7  
  44  4:29  Zergling x6  
  47  4:37  Zergling x6  
  47  4:38  Zergling x8  
  54  4:41  Centrifical Hooks  
  54  4:58  Baneling  
  54  4:59  Baneling x13  
  54  5:03  Zergling x8  
  58  5:07  Drone x2  
  60  5:18  Overlord x3  
  48  6:17  Zergling x22  
  50  6:40  Extractor  
  50  6:42  Extractor  
  50  6:45  Drone x5  
  53  6:57  Drone  
  53  6:58  Drone x2  
  56  7:18  Zergling x2  
  56  7:19  Zergling x8  
  61  7:24  Zergling x2  
  61  7:25  Zergling x10  
  61  7:26  Baneling  
  61  7:27  Baneling x6  
  67  7:36  Hatchery x2  
  65  7:49  Hatchery  
  64  7:52  Infestation Pit  
  41  8:20  Zergling x12  
  41  8:21  Zergling x20  
  58  8:49  Hatchery  
  57  8:56  Hive  
  57  8:59  Zergling x6  
  57  9:00  Zergling x14  
  67  9:10  Hatchery  
  67  9:14  Hatchery  
  65  9:24  Drone  
  65  9:25  Drone x10  
  76  9:51  Zergling x6  
  76  9:52  Zergling x16  
  64  10:21  Baneling x2  
  64  10:22  Baneling x8  
  64  10:27  Queen x2  
  59  10:53  Zergling x20  
  59  10:54  Zergling x16  
  59  10:55  Adrenal Glands  
  77  11:04  Ultralisk Cavern  
  73  11:29  Spore Crawler  
  73  11:31  Spore Crawler  
  73  11:32  Drone  
  72  11:33  Drone x12  
  72  11:38  Extractor  
  83  11:40  Extractor  
  82  11:56  Ultralisk  
  82  11:57  Ultralisk x2  
  82  11:59  Overlord x6  
  100  12:09  Evolution Chamber  
  100  12:11  Evolution Chamber  
  100  12:14  Evolution Chamber  
  97  12:20  Hatchery  
  96  12:25  Spire  
  57  12:58  Chitinous Plating  
  57  13:07  Spire  
  56  13:17  Zergling x16  
  56  13:18  Zergling x44  
  86  13:34  Hatchery  
  85  13:47  Corruptor x8  
  101  14:36  Zerg Melee Weapons Level 1  
  101  14:37  Zerg Ground Armor Level 1, Zerg Missile Weapons Level 1  
  98  15:11  Hatchery  
  81  15:41  Zergling x4  
  81  15:42  Zergling x46  
  85  15:43  Zergling x30  
Show
View Real Time Build Order
Export as new Build Order

Scaramanga Terran 

Build Orders:  

Get SALT Encoding   

  12  0:01  SCV  
  13  0:13  SCV  
  14  0:17  Supply Depot  
  14  0:25  SCV  
  15  0:39  SCV  
  15  0:41  Barracks  
  16  0:45  Refinery  
  16  0:51  SCV  
  17  1:03  SCV  
  18  1:15  SCV  
  18  1:16  Barracks  
  19  1:28  Reaper  
  19  1:31  Orbital Command  
  20  1:55  Refinery, Barracks  
  20  1:56  SCV  
  20  2:00  Marine  
  22  2:09  SCV  
  22  2:11  Barracks Tech Lab  
  23  2:39  Supply Depot  
  23  2:51  Barracks Reactor  
  23  2:53  Factory  
  23  3:00  SCV, Marine  
  23  3:02  Command Center  
  24  3:19  SCV  
  25  3:22  Marine  
  25  3:23  Marauder, Supply Depot  
  28  3:31  SCV, Engineering Bay  
  28  3:42  Starport  
  28  3:45  SCV  
  28  3:47  Supply Depot  
  29  3:57  SCV  
  30  4:03  Marine  
  30  4:04  Marauder, Concussive Shells  
  33  4:11  SCV  
  33  4:13  Terran Infantry Weapons Level 1  
  33  4:15  Marine x2  
  36  4:21  Marine  
  36  4:22  Orbital Command, Factory Tech Lab  
  36  4:23  SCV  
  38  4:25  Marine  
  39  4:33  Marine x2  
  41  4:43  SCV  
  42  4:47  Combat Shields  
  42  4:48  Marine x2  
  42  4:51  Marine  
  45  5:02  Orbital Command  
  45  5:10  SCV, Refinery  
  45  5:11  Barracks Reactor  
  46  5:22  SCV  
  47  5:32  SCV  
  47  5:34  SCV  
  49  5:37  Supply Depot  
  49  5:40  Supply Depot  
  49  5:41  Engineering Bay  
  49  5:44  Starport Reactor  
  49  5:45  Armory, Siege Tank  
  49  5:46  Marine x3  
  55  6:04  Marine  
  55  6:06  SCV x2  
  55  6:08  Terran Infantry Armor Level 1  
  58  6:15  Refinery  
  58  6:18  SCV x2  
  52  6:30  SCV x2  
  46  6:36  Medivac  
  46  6:37  Medivac  
  50  6:42  SCV x2  
  52  6:54  SCV  
  52  6:55  SCV  
  54  7:06  Marine, Medivac  
  54  7:07  Marine x4, Medivac  
  63  7:14  Stimpack  
  63  7:19  Barracks  
  63  7:23  Barracks  
  63  7:24  Barracks, Marine x5  
  68  7:42  Marine  
  69  7:57  Marine  
  69  7:58  Marauder, Marine x2  
  73  8:00  Marine  
  74  8:09  Barracks Reactor, Barracks Tech Lab  
  74  8:15  Marine  
  74  8:19  Marauder  
  77  8:25  Barracks Reactor  
  77  8:27  Barracks Tech Lab  
  77  8:28  Marine  
  77  8:33  Siege Tank  
  76  8:41  Marauder  
  69  8:44  Marauder, Marine x3  
  69  8:45  Marine x2  
  76  8:49  Supply Depot  
  76  8:50  Supply Depot  
  76  9:00  Marauder  
  78  9:05  Marine x2  
  78  9:06  Marauder, Siege Tank  
  78  9:09  Command Center  
  85  9:11  Marauder  
  87  9:18  Marine x3  
  87  9:21  Marauder  
  92  9:27  Marauder  
  94  9:38  Siege Tank  
  97  9:58  SCV x2  
  99  10:05  Marine x3, Command Center  
  102  10:10  Marine  
  102  10:17  Marine  
  102  10:20  Marine x4  
  102  10:21  SCV  
  107  10:22  Marine  
  107  10:23  Marine x2  
  107  10:28  Marine  
  111  10:35  Marine  
  112  10:38  Marine x3  
  108  10:50  Orbital Command  
  108  11:11  SCV x2  
  105  11:23  SCV x2  
  107  11:26  Siege Tank  
  107  11:28  Medivac x2  
  107  11:31  Terran Infantry Weapons Level 2, Terran Infantry Armor Level 2  
  114  11:35  SCV x2  
  106  11:46  SCV x2  
  106  11:47  SCV  
  99  11:58  Viking, Medivac, Siege Tank  
  101  12:03  SCV  
  101  12:06  Orbital Command  
  100  12:08  SCV  
  100  12:09  SCV  
  100  12:15  SCV  
  91  12:20  SCV  
  90  12:27  Viking, SCV  
  90  12:28  Viking  
  95  12:33  SCV  
  93  12:39  SCV  
  41  13:18  Marine  
  41  13:19  Marauder, Marine x7  
  47  13:36  Marine x2  
  47  13:37  Marine x6  
  47  13:39  Marine  
  39  13:54  Marine x8  
  47  13:57  Marine  
  46  14:12  Marine x6  
  46  14:13  Marauder x2  
  46  14:15  Marine  
  57  14:18  SCV  
  57  14:19  SCV x2  
  51  14:29  Marine  
  51  14:30  SCV, Marine x5  
  57  14:33  Marauder  
  57  14:34  Marauder x2  
  52  14:47  Marine  
  52  14:48  Marine x3  
  56  14:55  Marauder, Marine  
  56  14:56  Marauder x2, Marine  
  64  15:02  SCV  
  64  15:05  SCV  
  66  15:08  SCV  
  67  15:16  Marauder  
  67  15:17  Marauder  
  67  15:20  SCV  
  57  15:36  Marine x2  
  57  15:37  Marine x6  
  52  15:47  SCV x2  
  52  15:59  SCV  
Tags
 
Add a new tag
Caveats
  • Supply blocks, unpowered buildings, or Contaminate may cause inaccurate times.
  • Supply counts are checked every 10 seconds.